 Dungeon Crawl Stone Soup version 0.25-a0-589-g1e14c549ee (webtiles) character file.

Game seed: 8770853699486730959, levelgen mode: deterministic

69 Forecaster the Magician (level 4, -1/36 HPs)
             Began as a Naga Wizard on Mar 9, 2020.
             Slain by a kobold
             ... wielding a +0 club
              (2 damage)
             ... on level 2 of the Dungeon.
             The game lasted 00:06:26 (1757 turns).

Forecaster the Magician (Naga Wizard)               Turns: 1757, Time: 00:06:27

Health: -1/36      AC:  3    Str: 10    XL:     4   Next: 20%
Magic:  0/10       EV:  9    Int: 19    God:
Gold:   99         SH:  0    Dex:  9    Spells: 6/11 levels left

rFire    . . .     SeeInvis +   f - +0 short sword
rCold    + . .     Gourm    .   (no shield)
rNeg     . . .     Faith    .   l - +1 leather armour {rC+}
rPois    +         Spirit   .   b - +0 hat
rElec    .         Reflect  .   (no cloak)
rCorr    .         Harm     .   (no gloves)
MR       .....                  (no barding)
Stlth    ++........             (no amulet)
HPRegen  0.12/turn              (no ring)
MPRegen  0.12/turn              (no ring)

@: very slightly contaminated, very slow
A: large, see invisible, deformed body, poison resistance, slowness 2, slow
metabolism 1, spit poison 1, AC +1
a: Spit Poison


You were on level 2 of the Dungeon.
You were not hungry.

You visited 1 branch of the dungeon, and saw 2 of its levels.

You collected 99 gold pieces.

Inventory:

Hand Weapons
 f - a +0 short sword (weapon)
 o - a +0 trident
Missiles
 c - 8 stones (quivered)
 j - 37 sling bullets
Armour
 a - a +0 robe
 b - a +0 hat (worn)
 l - a +1 leather armour of cold resistance (worn)
Scrolls
 e - a scroll of identify {unknown}
 i - a scroll of blinking {unknown}
 k - a scroll of teleportation {unknown}
 m - a scroll of fog {unknown}
Potions
 g - a potion of brilliance {unknown}
 h - a potion of lignification {unknown}
 n - a potion of curing {unknown}
Comestibles
 d - 2 rations


   Skills:
 + Level 0.2 Short Blades
 + Level 1.6 Dodging
 + Level 3.6 Stealth
 + Level 0.1 Unarmed Combat
 + Level 4.2 Spellcasting
 + Level 1.3 Conjurations
 + Level 1.1 Summonings
 + Level 1.0 Translocations


You had 6 spell levels left.
You knew the following spells:

 Your Spells              Type           Power        Failure   Level  Hunger
a - Magic Dart            Conj           #...         11%         1    None
b - Call Imp              Summ           #.......     17%         2    #......
c - Blink                 Tloc           N/A          19%         2    #......

Your spell library contained the following spells:

 Spells                   Type           Power        Failure   Level  Hunger
 Slow                     Hex            #.......     28%         2    #......
 Conjure Flame            Conj/Fire      #.......     38%         3    ###....
 Mephitic Cloud           Conj/Pois/Air  #.......     41%         3    ###....


Dungeon Overview and Level Annotations

Branches:
Dungeon (2/15)

Altars:
Ashenzari


Innate Abilities, Weirdness & Mutations

You cannot wear boots.
Your serpentine skin is tough. (AC +1)
You have supernaturally acute eyesight. (SInv)
Armour fits poorly on your strangely shaped body.
Your system is resistant to poisons. (rPois)
You cover ground very slowly.
You have a slow metabolism.
You can spit poison.


Message History

Your iron imp hits the kobold but does no damage.
Your crimson imp blinks!
Casting: Call Imp (safe; 17% risk of failure)
Confirm with . or Enter, or press ? or * to list all spells.
You miscast Blink.
You are very lightly contaminated with residual magic.
You catch a glimpse of the back of your own head.
The adder bites you but does no damage.
The giant cockroach bites you but does no damage.
The adder closely misses you.
You hit the giant cockroach.
You kill the giant cockroach!
Your iron imp closely misses the kobold.
The adder bites you.
* * * LOW HITPOINT WARNING * * *
You closely miss the kobold. The adder closely misses you.
The kobold closely misses you.
You barely miss the kobold. The adder misses you.
The kobold hits you with a +0 club.
You die...

...##.##..#....# #......
.............#.###......
......##............##.#
...#...##.#......##.##.#
......†.................
.......(..............†.
.#.#$.#5..........##.##.
.... #KS(#...#.###...##
.... #@...[....##.....#
... #..##.....#.......
.. ................_...
. ...#...#..##.#.......
#...#......##.##.....#
#.. #.....###.. #...
........... .... #.# ##.
.#.....## .... ..


You could see an adder, a kobold and a friendly iron imp.

Vanquished Creatures
  2 adders (D:2)
  2 oozes (D:1)
  A dart slug (D:1)
  A leopard gecko (D:2)
  A ball python (D:1)
  3 bats (D:1)
  2 giant cockroaches (D:2)
  6 goblins
  4 hobgoblins (D:1)
  2 quokkas (D:2)
  A frilled lizard (D:1)
  4 kobolds (D:1)
  5 rats
34 creatures vanquished.

Vanquished Creatures (collateral kills)
  2 dart slugs (D:1)
  2 kobolds (D:2)
4 creatures vanquished.

Grand Total: 38 creatures vanquished

Notes
Turn   | Place    | Note
-------+----------+-------------------------------------------
     0 | D:1      | Forecaster the Naga Wizard began the quest for the Orb.
     0 | D:1      | Reached XP level 1. HP: 15/15 MP: 4/4
   115 | D:1      | Reached XP level 2. HP: 22/22 MP: 0/6
   119 | D:1      | Learned a level 2 spell: Call Imp
   123 | D:1      | Learned a level 2 spell: Blink
   194 | D:1      | HP: 1/22 [ooze (3)]
   562 | D:1      | Reached XP level 3. HP: 17/28 MP: 8/8
  1038 | D:1      | Reached skill level 4 in Spellcasting
  1650 | D:2      | Reached XP level 4. HP: 36/36 MP: 6/10
  1655 | D:2      | Found a shattered altar of Ashenzari.
  1755 | D:2      | HP: 1/36 [adder (2)]
  1757 | D:2      | Slain by a kobold

Levels and vault maps discovered:
D:1:      sevenhm_arrival_forest_fort_large_4, layout_rooms
D:2:      layout_basic, lemuel_round_altar

Skill      XL: |  1  2  3 |
---------------+----------+-----
Spellcasting   | 4 |  4.2
Short Blades   | |  0.2
Dodging        | |  1.6
Stealth        | |  3.6
Unarmed Combat | |  0.1
Conjurations   | |  1.3
Summonings     | |  1.1
Translocations | |  1.0

Action                   |  1- 3 |  4- 6 || total
-------------------------+-------+-------++-------
Melee: Unarmed           |     2 |       ||     2
       Short sword       |    42 |    19 ||    61
 Cast: Magic Dart        |    64 |     8 ||    72
       Call Imp          |     3 |     3 ||     6
  Eat: Chunk             |     1 |       ||     1
Armor: Robe              |     3 |       ||     3
       Leather armour    |     6 |    15 ||    21
Dodge: Dodged            |    31 |    22 ||    53

Table legend:
 A = Non-vault XP
 B = Vault XP
 C = Vault XP percentage of total XP
 D = Non-vault monster count
 E = Vault monster count
 F = Vault count percentage of total count
                 A         B        C        D         E       F
            +---------+---------+-------+---------+---------+-------
      Total |      99 |       0 |   0.0 |      38 |       0 |   0.0
            +---------+---------+-------+---------+---------+-------
        D:1 |      55 |       0 |   0.0 |      25 |       0 |   0.0
        D:2 |      44 |       0 |   0.0 |      13 |       0 |   0.0
            +---------+---------+-------+---------+---------+-------
